 Dungeon Crawl Stone Soup version 0.26-a0-639-g72c4674329 (webtiles) character file.

Game seed: 7667521565926019270

51 Lanoc the Sneak (level 3, -2/17 HPs)
             Began as a Felid Delver on Sept 18, 2020.
             Slain by a river rat (3 damage)
             ... in a sewer.
             The game lasted 00:01:15 (541 turns).

Lanoc the Sneak (Felid Delver)                       Turns: 541, Time: 00:01:15

Health: -2/17      AC:  1    Str:  8    XL:     3   Next: 58%
Magic:  4/4        EV: 19    Int: 11    God:
Gold:   12         SH:  0    Dex: 18    Spells: 2/2 levels left
                                        Lives:  0   Deaths: 0

rFire    + . .     SeeInvis +     - Unarmed
rCold    . . .     Faith    .   (shield unavailable)
rNeg     . . .     Spirit   .   (armour unavailable)
rPois    .         Reflect  .   (helmet unavailable)
rElec    .         Harm     .   (cloak unavailable)
rCorr    .         Rampage  .   (gloves unavailable)
MR       .....                  (boots unavailable)
Stlth    ++++......             (no amulet)
HPRegen  0.05/turn              h - ring of protection from fire
MPRegen  0.09/turn              (no ring)

@: brilliant, quick
A: very small, no armour, no weapons or thrown items, stealth, claws 1, fangs 3,
see invisible, speed 1, shaggy fur 1, sharp paws
a: no special abilities


You were in a sewer.
You visited 1 branch of the dungeon, and saw 3 of its levels.
You also visited: Sewer.

You collected 12 gold pieces.

Inventory:

Jewellery
 h - a ring of protection from fire (left paw)
Wands
 e - a wand of digging (3)
Scrolls
 a - a scroll of fog
 b - a scroll of enchant armour {unknown}
 c - a scroll of fear
 g - a scroll of random uselessness {unknown}
Potions
 d - a potion of haste


   Skills:
 + Level 3.3 Fighting
 + Level 3.3 Dodging
 + Level 7.0 Stealth
 * Level 2.9 Unarmed Combat


You had 2 spell levels left.
You didn't know any spells.
Your spell library was empty.

Dungeon Overview and Level Annotations

Branches:
Dungeon (5/15)              Sewer (1/1)
 Temple: D:4-7

Altars:

Annotations:
D:3 1 transporter


Innate Abilities, Weirdness & Mutations

You cannot wear armour.
You are incapable of wielding weapons or throwing items.
Your paws allow you to move quietly. (Stealth)
You have sharp claws.
You have razor-sharp teeth.
You have supernaturally acute eyesight. (SInv)
You cover ground quickly.
You are covered in fur. (AC +1)
Your sharp claws are effective at attacking unaware monsters.


Message History

You scratch the river rat.
The river rat is almost dead.
The river rat closely misses you.
The river rat twitches its whiskers.
The river rat misses you.
You barely miss the river rat.
The river rat is almost dead.
The river rat bites you!
Ouch! That really hurt!
The rat splashes around in the water.
The river rat misses you.
You are too injured to fight recklessly!
You scratch the river rat but do no damage.
The river rat is almost dead.
The river rat bites you.
* * * LOW HITPOINT WARNING * * *
The rat closely misses you. The river rat completely misses you.
It was a potion of brilliance.
You feel clever all of a sudden. The river rat bites you.
You die...

#######################
##....≈≈≈≈≈≈≈≈≈≈≈≈≈≈≈..#
#....≈≈≈≈≈≈≈≈.≈≈≈≈≈≈r...
#..∩.≈≈≈≈≈≈#≈≈≈#≈≈≈≈≈...
#..∩.≈≈≈≈≈≈≈#≈≈rr≈≈≈≈≈..
#.....≈≈≈≈≈≈≈≈≈@r≈≈≈≈...
##...#≈≈≈≈≈≈≈≈≈≈≈≈≈≈≈#.r
#####################


You could see 2 river rats and 2 rats.

Vanquished Creatures
  A howler monkey (D:4)
  5 leopard geckos
  A giant cockroach (D:3)
  A goblin (D:3)
  A kobold (D:3)
  A frilled lizard (D:4)
  A rat (Sewer)
11 creatures vanquished.

Notes
Turn   | Place    | Note
-------+----------+-------------------------------------------
     0 | D:5      | Lanoc the Felid Delver began the quest for the Orb.
     0 | D:5      | Reached XP level 1. HP: 10/10 MP: 2/2
    90 | D:4      | Noticed a howler monkey
    93 | D:4      | Killed a howler monkey
    93 | D:4      | Reached XP level 2. HP: 14/14 MP: 3/3
    93 | D:4      | Reached XP level 3. HP: 17/17 MP: 4/4
   208 | D:3      | Found a transporter.
   236 | D:3      | Found a glowing drain.
   254 | D:3      | Reached skill level 7 in Stealth
   433 | Sewer    | Entered a sewer
   541 | Sewer    | Slain by a river rat

Illustrated notes

Levels and vault maps discovered:
D:3:      gammafunk_steamed_eel, layout_rooms, portal_sewer_entry_f
D:4:      layout_loops_ring, lemuel_coloured_pillars_altar, serial_shops,
          nicolae_shop_trees, uniq_ijyb
D:5:      layout_layer_cave, serial_shops, kennysheep_mini,
          nicolae_ossuary_entry_monument, uniq_sigmund
Sewer:    sewer_minmay_w

Skill      XL: |  1  2  3 |
---------------+----------+-----
Dodging        | 3 |  3.3
Stealth        | 7 |  7.0
Fighting       | |  3.3
Unarmed Combat | |  2.9

Action                   || total
-------------------------++-------
Melee: Unarmed           ||    39
       Bite              ||     1
  Use: Scroll            ||     1
       Potion            ||     1
 Stab: Sleeping          ||     3
Dodge: Dodged            ||    31

Table legend: (Time is in decaauts)
 A = Elapsed time spent in this place.
 B = Non-inter-level travel time spent in this place.
 C = Inter-level travel time spent in this place.
 D = Time resting spent in this place.
 E = Time spent auto-exploring this place.
 F = Levels seen in this place.
 G = Mean time per level.
                   A        B        C        D        E       F      G
               +--------+--------+--------+--------+--------+-----+--------+
         Total |    522 |    522 |      0 |    164 |    215 |   4 |  130.5 |
       Dungeon |    411 |    411 |      0 |    164 |    125 |   3 |  137.0 |
         Sewer |    111 |    111 |      0 |      0 |     90 |   1 |  111.0 |
               +--------+--------+--------+--------+--------+-----+--------+

Top non-repeatable levels by time:
     D:3: 254 daAuts
     D:4: 140 daAuts
   Sewer: 111 daAuts
     D:5: 15 daAuts
